 Dungeon Crawl Stone Soup version 0.28.0-53-g5a82cb258f (webtiles) character file.

Game seed: 6301185000283847063

26 Gabide the Shooter (level 2, -1/17 HPs)
             Began as a Deep Elf Hunter on June 17, 2022.
             Slain by a kobold
             ... wielding a +0 short sword
              (3 damage)
             ... on level 1 of the Dungeon.
             The game lasted 00:01:48 (2185 turns).

Gabide the Shooter (Deep Elf Hunter)                Turns: 2185, Time: 00:01:48

Health: -1/17      AC:  3    Str:  9    XL:     2   Next: 89%
Magic:  4/4        EV: 12    Int: 15    God:
Gold:   23         SH:  0    Dex: 15    Spells: 1/1 levels left

rFire   . . .      SeeInvis .   a - +1 shortbow
rCold   . . .      Faith    .   (shield currently unavailable)
rNeg    . . .      Spirit   .   c - +0 leather armour
rPois   .          Reflect  .   (no helmet)
rElec   .          Harm     .   (no cloak)
rCorr   .          Rampage  .   (no gloves)
Will    .....                   (no boots)
Stlth   ++........              (no amulet)
HPRegen 0.05/turn               (no ring)
MPRegen 0.09/turn               (no ring)

@: no status effects
A: no striking features
a: no special abilities


You were on level 1 of the Dungeon.
You visited 1 branch of the dungeon, and saw 1 of its levels.

You collected 23 gold pieces.

Inventory:

Hand Weapons
 a - a +1 shortbow (weapon)
 b - a +0 short sword
Missiles
 d - 15 arrows (quivered ammo)
Armour
 c - a +0 leather armour (worn)
Jewellery
 i - a +4 ring of protection
Scrolls
 e - 2 scrolls of identify {unknown}
 g - a scroll of noise {unknown}
 h - a scroll of fog {unknown}
Potions
 f - a potion of flight {unknown}


   Skills:
 + Level 2.2 Fighting
 + Level 6.0 Bows
 - Level 2.4 Dodging
 - Level 1.2 Stealth


You had one spell level left.
You didn't know any spells.
Your spell library was empty.

Dungeon Overview and Level Annotations

Branches:
Dungeon (1/15)

Altars:

Shops:
D:1 (


Message History

You are too injured to fight recklessly!
You are too injured to fight recklessly!
You are too injured to fight recklessly!
The bat barely misses you.
Unknown command.
The bat hits you.
* * * LOW HITPOINT WARNING * * *
The bat closely misses you.
Okay, then.
You hit the bat.
You kill the bat!
Your Bows skill increases to level 6!
a - a +1 shortbow (weapon)
Fire: 19 arrows
Press: ? - help, Q - select action Shift-Dir - straight line, f - kobold
Aim: a kobold, wielding a +0 short sword and quivering stones (58% to hit)
You shoot an arrow. The arrow barely misses the kobold.
The kobold hits you with a +0 short sword.
* * * LOW HITPOINT WARNING * * *
Fire: 18 arrows
Press: ? - help, Q - select action Shift-Dir - straight line, f/p - kobold
Aim: a kobold, wielding a +0 short sword and quivering stones (58% to hit)
You shoot an arrow. The arrow closely misses the kobold.
The arrow misses the kobold.
The kobold barely misses you.
Fire: 17 arrows
Press: ? - help, Q - select action Shift-Dir - straight line, f/p - kobold
Aim: a kobold, wielding a +0 short sword and quivering stones (58% to hit)
You shoot an arrow. The arrow hits the kobold.
The kobold is moderately wounded.
The kobold hits you with a +0 short sword.
* * * LOW HITPOINT WARNING * * *
Fire: 16 arrows
Press: ? - help, Q - select action Shift-Dir - straight line, f/p - kobold
Aim: a kobold, wielding a +0 short sword and quivering stones (moderately wounded, 58% to hit)
You shoot an arrow.
The arrow hits the kobold but does no damage.
The kobold is moderately wounded.
The kobold hits you with a +0 short sword.
You die...

##.###.#..# #.###...###....##.##.
##.....#..# #........^..##....##.
..#####...###..#####....#........
#. #.......># #.##...##.#### #.##
##.#..##### #.#######.#
#.###.##..# #.# #.#
#....###..#### #.# ##.#.##
#..##.######.# #.# ...#.#
#..#(.KK@....# #.# ##.#.#
#..##.######## #.# #.#.#
#...K.....# #.# #.#.#
#....#.##.... #...# ####...# ##
##### #####


You could see 2 kobolds.

Vanquished Creatures
  A bat (D:1)
  2 endoplasms (D:1)
  A giant cockroach (D:1)
  2 goblins (D:1)
  5 hobgoblins (D:1)
  3 jackals (D:1)
  A quokka (D:1)
  3 ball pythons (D:1)
  2 frilled lizards (D:1)
  A rat (D:1)
21 creatures vanquished.

Notes
Turn   | Place    | Note
-------+----------+-------------------------------------------
     0 | D:1      | Gabide the Deep Elf Hunter began the quest for the Orb.
     0 | D:1      | Reached XP level 1. HP: 12/12 MP: 3/3
   382 | D:1      | Found Tiopin's Antique Weapon Boutique.
   576 | D:1      | Reached XP level 2. HP: 8/17 MP: 4/4
   881 | D:1      | Noticed an eye of devastation
   883 | D:1      | Noticed a golden eye
   887 | D:1      | Found a faded altar of an unknown god.
   888 | D:1      | Noticed a golden eye
   888 | D:1      | Noticed a great orb of eyes
  2181 | D:1      | Reached skill level 6 in Bows
  2185 | D:1      | Slain by a kobold

Illustrated notes

Levels and vault maps discovered:
D:1:      scummos_arrival_checkerplants, layout_loops_ring,
          hellmonk_ecumenical_altar_watching_god, serial_shops,
          nicolae_shop_stone

Skill      XL: |  1  2 |
---------------+-------+-----
Fighting       | 2 |  2.2
Bows           | 6 |  6.0
Dodging        | |  2.4
Stealth        | |  1.2

Action                   || total
-------------------------++-------
Melee: Short sword       ||   107
       Punch             ||     1
 Fire: Shortbow          ||    23
Armor: Leather armour    ||    28
Dodge: Dodged            ||    94
